[Event "3rd elllobregat Open 2022"]
[Site "Baix Llobregat"]
[Date "2022.11.30"]
[Round "1.1"]
[White "Vallejo Pons, Francisco"]
[Black "Seemann, Jakub"]
[Result "1-0"]
[ECO "A22"]
[WhiteElo "2716"]
[BlackElo "2375"]
[Annotator "TA"]
[PlyCount "73"]
[EventDate "2022.11.30"]
[EventType "swiss"]
[EventCountry "ESP"]
[SourceTitle "playchess.com"]
[Source "ChessBase"]
[SourceQuality "1"]
[TimeControl "40/5400+30:1800+30"]

1. c4 e5 2. Nc3 Nf6 3. g3 d5 4. cxd5 Nxd5 5. Bg2 Nb6 6. e3 Nc6 {[%emt 0:02:49] A22: English Opening: 1...e5 2 Nc3 Nf6.} 7. Nge2 $1 Be7 {[%emt 0:13:20] 7...h5 is the fancy move.} 8. O-O h5 {[%emt 0:06:11] The position is equal.} 9. d4 h4 10. d5 Nb8 {[%emt 0:00:59][%cal Bc6b8,Bb8a6,Ba6b4][%mdl 32] [#]} 11. Qc2 $146 ({Predecessor:} 11. a4 hxg3 12. hxg3 Bd6 13. a5 N6d7 14. e4 Nf6 15. Bg5 Bh3 16. Bxh3 Rxh3 17. Kg2 {0-1 (79) Klekowski,M (2514)-Semjonovs,I (2361) Chess.com INT 2019}) 11... Na6 12. a4 Nb4 (12... Nd7 {simplifies} 13. e4 hxg3 14. hxg3 Nf6) 13. Qe4 Bd6 (13... hxg3 $11 14. fxg3 Nd7) 14. a5 $36 {[%emt 0:03:33][%mdl 2048] Black is under pressure.} Nd7 15. Nb5 {[%emt 0:02:04] [#] Threatens to win with Nxd6+.} Nf6 16. Qc4 hxg3 17. fxg3 Bh3 18. Bxh3 Rxh3 19. Kg2 (19. b3 $5 Na6 20. Nec3 $14) 19... Rh7 20. e4 {[%emt 0:04:23] Black is on the road to losing.} Na6 21. Bg5 (21. Nxd6+ cxd6 22. Nc3 Qd7 $14) 21... Qd7 {[%emt 0:01:48] [#] And now ...Qh3+ would win.} 22. Ng1 {[%emt 0:01:00] Against Qh3+. Active counter play!} Ng8 23. Rac1 f6 24. Be3 (24. Bd2 {simplifies} Nh6 25. Nxd6+ cxd6 26. Nf3) 24... Ne7 (24... Nh6 $16 25. Nf3 (25. Nxa7 $2 Ng4 $19) (25. Bxa7 Rxa7 26. Nxa7 Ng4 $15) (25. Nxd6+ cxd6 26. Nf3 Ng8 $16) 25... Nf7) 25. Nf3 (25. Bxa7 Bb4 $16) 25... Qh3+ (25... Nc8 $16 26. Kg1 Rh5) 26. Kg1 $18 g5 $2 (26... Rh8 27. Qb3 (27. Nxa7 Qd7 $18) (27. Bxa7 Qd7 $16) (27. Nxd6+ cxd6 28. Qe2 Qd7 $16) 27... Qd7 28. Nxa7 Nb4) 27. Rf2 (27. Bxa7 Rxa7 28. Nxa7 g4 $16) (27. Nxa7 g4 $16) (27. Nxd6+ cxd6 28. Qa4+ Qd7 $18) 27... Ng6 28. Nxd6+ ({Less strong is} 28. Nxa7 Rd7 29. Qb5 Rb8 $18) ({Weaker is} 28. Bxa7 Qg4 $18) 28... cxd6 29. Bxg5 fxg5 (29... Rc7 30. Qa4+ Qd7 31. Qxd7+ Kxd7 32. Rxc7+ Nxc7 33. Bxf6 Rg8) 30. Nxg5 Qh6 31. Nxh7 Qxh7 32. Rf6 Nc5 33. Rxd6 Nd7 34. Rf1 {[%emt 0:01:45] White wants to mate with Re6+.} Ngf8 {[%emt 0:00:22] Inhibits Re6+.} 35. a6 {[%emt 0:00:24] White mates.} bxa6 36. Qc6 Rd8 37. Rdf6 {[%emt 0:00:19] Weighted Error Value: White=0.05 (flawless) /Black=0.48} 1-0

[Event "3rd elllobregat Open 2022"]
[Site "Baix Llobregat"]
[Date "2022.11.30"]
[Round "1.1"]
[White "Shevchenko, Kirill"]
[Black "Jerez Perez, Alfonso"]
[Result "1/2-1/2"]
[ECO "A16"]
[WhiteElo "2649"]
[BlackElo "2343"]
[Annotator "TA"]
[PlyCount "61"]
[EventDate "2022.11.30"]
[EventType "swiss"]
[EventCountry "ESP"]
[SourceTitle "playchess.com"]
[Source "ChessBase"]
[SourceQuality "1"]
[TimeControl "40/5400+30:1800+30"]

1. Nf3 Nf6 2. c4 g6 3. Nc3 d5 4. cxd5 Nxd5 5. h4 h6 6. e4 {[%emt 0:01:34] A16: English Opening: 1...Nf6 with ...d5.} Nxc3 7. bxc3 Bg7 8. d4 {[%emt 0:02:23] White is slightly better.} c5 9. Be2 (9. dxc5 Bxc3+ 10. Bd2 Bxa1 11. Qxa1 Rh7 $15) (9. Rb1 $14) 9... Bg4 {[%emt 0:07:35] [#]} ({Black should play} 9... Nc6 $11) 10. Rb1 $146 ({Much weaker is} 10. dxc5 Bxc3+ 11. Bd2 Bxa1 12. Qxa1 Rh7 $15) ({Predecessor:} 10. Be3 Qa5 11. O-O O-O 12. Qb3 cxd4 13. cxd4 Nc6 14. Rad1 e5 15. dxe5 Nxe5 16. Rd5 {1-0 (33) Kononen,K (2260)-Paakkonen,T (2259) Finland 2016}) 10... cxd4 11. cxd4 ({Of course not} 11. Rxb7 Qc8 12. Rb3 dxc3 $17) 11... Qa5+ 12. Qd2 Qxd2+ 13. Bxd2 b6 14. Rc1 O-O 15. Ne5 Bxe2 16. Kxe2 Bxe5 17. dxe5 Kg7 18. Bb4 Re8 19. Rhd1 a5 20. Ba3 Ra7 {[%emt 0:00:30] Inhibits Rc7.} 21. f4 Nd7 22. Rc6 e6 (22... Rb7 $14) 23. Bd6 $16 {[%emt 0:02:28] White is much more active.} b5 24. Rdc1 Rea8 {[%emt 0:02:00] [#]} (24... b4 $16) 25. g4 $1 $18 b4 26. Rc7 Nb6 27. Ke3 Rxc7 28. Rxc7 Na4 (28... Kg8 $16) 29. a3 $2 (29. f5 $18 gxf5 30. gxf5 (30. exf5 Nc3 $16)) 29... b3 $11 30. Kd2 Rb8 {[%emt 0:02:25] [#] Hoping for ...b2.} 31. Rxf7+ $1 {[%emt 0:02:29] Weighted Error Value: White=0.28 (precise) /Black=0.16 (very precise)} 1/2-1/2

[Event "3rd elllobregat Open 2022"]
[Site "Baix Llobregat"]
[Date "2022.11.30"]
[Round "1.2"]
[White "Ootes, Lars"]
[Black "Yu, Yangyi"]
[Result "1/2-1/2"]
[ECO "B46"]
[WhiteElo "2370"]
[BlackElo "2716"]
[Annotator "TA"]
[PlyCount "151"]
[EventDate "2022.11.30"]
[EventType "swiss"]
[EventCountry "ESP"]
[SourceTitle "playchess.com"]
[Source "ChessBase"]
[SourceQuality "1"]
[TimeControl "40/5400+30:1800+30"]

1. e4 c5 2. Nf3 Nc6 3. d4 cxd4 4. Nxd4 e6 5. Nc3 a6 6. Bf4 d6 7. Bg3 Be7 $1 {[%emt 0:18:41][%mdl 4] now scores much better than the old 7...Nf6. B46: Sicilian: Taimanov: 5 Nc3 a6.} 8. Qd2 {[#]} Bd7 $146 ({Predecessor:} 8... Nf6 9. Be2 e5 10. Nxc6 bxc6 11. f4 exf4 12. Bxf4 O-O 13. O-O-O Ne8 14. Bc4 Bg4 15. Rdf1 {½-½ (29) Jackson,J (2386)-Czopor,M (2411) Hull 2021}) 9. Nxc6 ({White should try} 9. O-O-O $14) 9... Bxc6 $11 10. O-O-O Nf6 11. Bxd6 Bxd6 12. Qxd6 Qxd6 13. Rxd6 Bxe4 14. Rd2 (14. Rd4 $5 Bc6 15. f3 $11) 14... Bc6 15. f3 Ke7 16. Bd3 Rad8 17. Re1 h5 18. Ne4 Nd5 19. a3 Nf4 20. Bf1 (20. h4 {simplifies} Bxe4 21. Rxe4 Nxd3+ 22. Rxd3 Rxd3 23. cxd3 b5 24. Kd2) 20... h4 21. b4 h3 (21... Rxd2 {simplifies} 22. Nxd2 g5 23. Re3 Rd8) 22. g3 Ng2 23. Red1 Rxd2 24. Rxd2 Bxe4 25. fxe4 $15 {[%mdl 4096] Endgame KRB-KRN} Ne3 26. Be2 Rc8 27. e5 a5 28. bxa5 Rc5 29. a4 Rxa5 (29... Rxe5 $15 {might be stronger.} 30. Bb5 Rc5) 30. Bb5 $11 {[%emt 0:00:02] [#] Hoping for Rd7+.} g5 31. Rd4 {[%emt 0:03:52] Prevents Ng4.} Nf5 32. Rd7+ Kf8 33. g4 Nh4 34. Rd3 {[%emt 0:00:00] Prevents Nf3.} ({Reject} 34. Rxb7 Nf3 35. Rd7 (35. Rb8+ Kg7 $17) 35... Nxh2 $17) 34... Ng6 35. Rxh3 Nxe5 36. Rg3 Ra8 37. h3 Ke7 38. Rb3 Kd6 39. Kd2 f5 40. gxf5 exf5 41. Be2 Rd8 42. a5 {[%emt 0:00:00] The position is equal.} Kc7+ 43. Ke1 Rd5 44. a6 bxa6 45. Bxa6 Ra5 46. Be2 Kc6 47. Kf2 f4 48. Rb8 Kd6 49. Rb6+ Kc5 50. Rf6 Ra2 51. Bd1 Ra1 52. Rf5 Kd4 53. c3+ Ke4 54. Bc2+ Kd5 55. Bb3+ Kd6 56. Rxg5 Ra3 57. Bd1 Rxc3 58. h4 Rc1 59. Rg1 Rb1 60. Bc2 Rb2 (60... Rxg1 {simplifies} 61. Kxg1 Nf3+ 62. Kf2 Nxh4 63. Be4 Ke6) 61. Rd1+ Ke7 (61... Ke6 $5 62. Rd2 $8 Kf6 $11) 62. Rd2 Kf6 63. Rd6+ Ke7 (63... Kg7 $5 64. Rd2 $8 Kf6 $11) 64. Rd2 Ra2 65. h5 Ra3 66. Rd4 Ng4+ 67. Ke1 Ne3 68. Bd1 Ra1 {[%emt 0:00:00] [#] aiming for ...Nc2+.} 69. Ke2 Ke6 70. h6 Nxd1 71. Rxd1 {[%emt 0:00:00] KR-KR} f3+ 72. Kd2 $1 Rxd1+ 73. Kxd1 {[%emt 0:00:00] h7 would kill now.} Kf6 74. Ke1 (74. h7 $5 Kg7 $8 75. Ke1 $11) 74... Kg6 75. Kf2 Kxh6 76. Kxf3 {[%emt 0:00:00] Weighted Error Value: White=0.07 (flawless) /Black=0.06 (flawless)} 1/2-1/2

[Event "3rd elllobregat Open 2022"]
[Site "Baix Llobregat"]
[Date "2022.11.30"]
[Round "1.2"]
[White "Nyysti, Sampsa"]
[Black "Donchenko, Alexander"]
[Result "0-1"]
[ECO "B15"]
[WhiteElo "2338"]
[BlackElo "2645"]
[Annotator "TA"]
[PlyCount "82"]
[EventDate "2022.11.30"]
[EventType "swiss"]
[EventCountry "ESP"]
[SourceTitle "playchess.com"]
[Source "ChessBase"]
[SourceQuality "1"]
[TimeControl "40/5400+30:1800+30"]

1. e4 c6 2. d4 d5 3. Nd2 dxe4 4. Nxe4 Nf6 5. Qd3 Nbd7 6. Bf4 {[%emt 0:07:33] B15: Caro-Kann: 3 Nc3: 3...g6 and 3...dxe4 4 Nxe4 Nf6 5 Nxf6+ exf6.} (6. Nf3 $14) 6... Nxe4 $11 7. Qxe4 Nf6 8. Qd3 {[%emt 0:06:19] The position is equal.} Qa5+ 9. Bd2 Qd5 (9... Qb6 $5 ) 10. c4 Qe4+ {[%emt 0:01:03] [#]} 11. Be3 $146 ({Predecessor:} 11. Qxe4 Nxe4 12. Be3 g6 13. O-O-O Bg7 14. Bd3 Nd6 15. Nf3 Be6 16. b3 Nf5 17. Rhe1 Nxe3 18. fxe3 Bg4 19. Bf1 {½-½ (19) Orso,M (2350)-Eperjesi,L (2395) Budapest 1978}) 11... Bf5 (11... e5 {seems wilder.} 12. Qxe4 Bb4+ 13. Ke2 Nxe4 14. dxe5 Be6) 12. Qxe4 Bxe4 13. Ne2 e6 14. Nc3 Bf5 15. f3 h5 {[%emt 0:03:42] Inhibits g4.} 16. h4 Bd6 17. Kf2 a6 18. a4 O-O-O 19. Be2 e5 20. Rhd1 Rhe8 (20... Bc2 $5 21. Rd2 exd4 22. Rxd4 Rhe8 $15) 21. d5 cxd5 22. Nxd5 Nxd5 23. Rxd5 Be7 24. Rxd8+ Rxd8 25. g3 a5 26. Rc1 g6 27. c5 $1 Bd3 28. Rc3 Bxe2 29. Kxe2 {[%emt 0:00:03][%mdl 4096] Endgame KRB-KRB} Rd5 30. Rb3 Bxc5 31. Rb5 {[%emt 0:00:14][%csl LRa5,LRc5] Prevents Bb4.} b6 32. b4 (32. Bxc5 {simplifies} Rxc5 33. Rxb6 Rc2+ 34. Ke3) 32... axb4 {[%emt 0:00:16] Threatening ...Rd6.} 33. a5 Rd7 {[%emt 0:05:03] Hoping for ...Bxe3.} 34. axb6 (34. Bxc5 $11 bxc5 35. Rxc5+ Kb8 36. Rxe5) 34... Bd6 $17 35. f4 {[%emt 0:01:57] [#]} (35. Kd3 $17 {was necessary.}) 35... e4 $1 $19 36. Bc5 Bxc5 37. Rxc5+ Kb7 38. Rc4 $2 (38. Rb5) 38... b3 {[%emt 0:01:33] Strongly threatening ...Rd6. Black is clearly winning.} ({Not} 38... Kxb6 39. Rxb4+ Kc7 40. Rxe4 $11) 39. Rb4 Rd3 40. Rxe4 Rd6 41. Re7+ Kxb6 {[%emt 0:02:17] Weighted Error Value: White=0.50/Black=0.04 (flawless)} 0-1

[Event "3rd elllobregat Open 2022"]
[Site "Baix Llobregat"]
[Date "2022.11.30"]
[Round "1.3"]
[White "Niemann, Hans Moke"]
[Black "Fitzsimons, David"]
[Result "1-0"]
[ECO "E07"]
[WhiteElo "2699"]
[BlackElo "2368"]
[Annotator "TA"]
[PlyCount "101"]
[EventDate "2022.11.30"]
[EventType "swiss"]
[EventCountry "ESP"]
[SourceTitle "playchess.com"]
[Source "ChessBase"]
[SourceQuality "1"]
[TimeControl "40/5400+30:1800+30"]

1. d4 d5 2. c4 e6 3. Nf3 Nf6 4. g3 Be7 5. Bg2 O-O 6. O-O c6 7. Nc3 Nbd7 8. b3 b6 9. Bb2 Ba6 10. Nd2 b5 {[%emt 0:01:09][%cal Rb5c4] is now debated instead of 10...Rc8. E07: Closed Catalan: Main Line (5 Nf3 0-0 6 0-0 Nbd7).} 11. c5 b4 12. Ncb1 $5 {[%mdl 4] Exploring less charted territory.} Bb5 $1 {[%emt 0:22:45] [#] The position is equal.} 13. Re1 $146 ({Predecessor:} 13. a4 Ba6 14. Nf3 Ne4 15. Re1 f5 16. Nbd2 Bf6 17. Rc1 Qc7 18. Ba1 Rae8 19. e3 {1-0 (39) Nogerbek,K (2356)-Mitsis,G (2355) Chess.com INT 2021}) 13... e5 14. dxe5 {[%emt 0:00:23] [#] a4 is the strong threat.} Ng4 15. Nf3 ({Wrong is} 15. e4 $2 f5 16. exf6 (16. exd5 $2 {perishes.} Bxc5 17. Re2 Bxe2 $19) 16... Bxf6 17. Qxg4 Bxb2 $19) 15... Bxc5 16. e3 Qe7 (16... Re8 $11 {deserves consideration.}) 17. a4 $14 Ba6 18. Nbd2 {[%emt 0:02:15] Inhibits f6.} Ngxe5 19. Nxe5 Nxe5 20. Bxe5 Qxe5 21. Rc1 Bb6 22. Rxc6 Rac8 23. Nf3 Qh5 24. Nd4 Qxd1 25. Rxd1 Bb7 26. Rxc8 {[%emt 0:00:07] White is much more active.} Rxc8 27. Ne2 (27. Nf5 $1 $14 Rd8 28. Ne7+ Kf8 29. Nxd5) 27... Kf8 (27... Ba6 $11 28. Bf3 Rc2) 28. Nf4 Rc3 29. Nxd5 Bxd5 (29... Rxb3 $2 30. Nxb6 Bxg2 31. Nd7+ Ke8 32. Kxg2 $18) 30. Bxd5 $16 {[%emt 0:01:12][%mdl 4096] Endgame KRB-KRB} g5 (30... Rc5 $16 31. Bc4 Ke7) 31. Bc4 $18 Ke7 32. Rd5 {[%emt 0:01:16] Threatens to win with a5.} a5 $2 {[%emt 0:00:57] This move loses the game for Black.} (32... f6 $16 33. a5 Bd8) 33. Rb5 ({Don't take} 33. Rxg5 Rxe3 34. Rb5 Re1+ 35. Kg2 Bd8 $18) 33... Bc7 34. Rxg5 Kf6 (34... h6 {keeps fighting.}) 35. Rc5 Bd8 36. Rd5 Ke7 37. Rf5 f6 38. Rh5 Bb6 (38... Bc7 $142 39. Kf1 Kd7) 39. Rxh7+ Kd6 40. Rh4 Ke5 41. Kg2 Kf5 42. Rh5+ Kg6 43. Rb5 Bd8 44. h4 Bc7 45. h5+ Kh6 46. g4 Bd8 47. Rb7 Kg5 48. Kg3 {[%emt 0:00:43] [#] Intending Rh7 and mate.} Rc1 49. f4+ Kh6 50. Rd7 Bb6 51. g5+ {[%emt 0:00:00] Weighted Error Value: White=0.05 (flawless) /Black=0.32} 1-0

[Event "3rd elllobregat Open 2022"]
[Site "Baix Llobregat"]
[Date "2022.11.30"]
[Round "1.4"]
[White "Valenzuela Gomez, Fernando"]
[Black "Cheparinov, Ivan"]
[Result "0-1"]
[ECO "B66"]
[WhiteElo "2368"]
[BlackElo "2694"]
[Annotator "TA"]
[PlyCount "167"]
[EventDate "2022.11.30"]
[EventType "swiss"]
[EventCountry "ESP"]
[SourceTitle "playchess.com"]
[Source "ChessBase"]
[SourceQuality "1"]
[TimeControl "40/5400+30:1800+30"]

1. e4 c5 2. Nf3 d6 3. d4 cxd4 4. Nxd4 Nf6 5. Nc3 Nc6 6. Bg5 e6 7. Qd2 a6 8. O-O-O Bd7 9. Nxc6 Bxc6 10. f3 h6 11. Bf4 d5 12. Qe1 Bb4 13. a3 {[%emt 0:00:15] B66: Sicilian: Richter-Rauzer: 7...a6 8 0-0-0 h6.} Bxc3 {[%emt 0:03:18] The modern move.} 14. Qxc3 O-O 15. Be5 {[%emt 0:00:46] White is slightly better.} Rc8 (15... Nd7 {is more complex.} 16. Bd6 Re8 17. exd5 Bxd5 18. Qc7 Qg5+) 16. Bxf6 Qxf6 17. Qxf6 gxf6 18. exd5 Bxd5 19. Bd3 Rc5 {[%emt 0:01:59] [#]} 20. Rhe1 $146 ({Predecessor:} 20. b4 Rc3 21. Kb2 Rfc8 22. Rhe1 Kg7 {0-1 (22) Blas,I-Sherwood,R LSS email 2007}) 20... Rfc8 21. c3 f5 {[%emt 0:04:49] Prevents Be4.} 22. Bc2 Kg7 23. Rd4 Kf6 24. Rh4 Kg5 25. Rd4 h5 26. Bd3 Kf6 27. Rh4 Kg5 28. Rd4 h4 29. Kd2 a5 30. Bf1 Bb3 31. Bd3 a4 (31... Rd5 {simplifies} 32. Rxd5 Bxd5 33. c4 Bc6) 32. Bc2 Rd5 33. Rxd5 Bxd5 $11 {[%emt 0:00:01][%mdl 4096] Endgame KRB-KRB} 34. Ke3 Bc6 35. Rd1 e5 36. g3 hxg3 (36... Rh8 $1 $17 {White must now prevent ...hxg3.} 37. f4+ exf4+ 38. gxf4+ Kg4) 37. hxg3 Rh8 38. f4+ Kg4 39. fxe5 {[%emt 0:03:01] Rf1 is the strong threat.} Rh3 {[%emt 0:01:27] Threatens to win with ...f4+.} 40. Rd4+ Kg5 $1 {[%emt 0:00:00] And now ...f4+ would win.} 41. Bxa4 b5 42. Bd1 Rxg3+ 43. Kf2 Rg2+ 44. Ke3 Rxb2 45. Bf3 Bxf3 46. Kxf3 {[%emt 0:00:04] KR-KR} Rb3 47. a4 Rxc3+ 48. Ke2 (48. Kf2 $1 $11) 48... Rc2+ (48... Rc5 $17) 49. Ke1 (49. Kf3 $1 $11 {remains equal.}) 49... Rc5 $17 {[%emt 0:02:41] Black is more active.} 50. axb5 Rxe5+ ({And not} 50... Rxb5 51. Rd7 $15) 51. Kf2 Rxb5 52. Ra4 Rb2+ 53. Kf3 Rb3+ 54. Kf2 Rc3 55. Rb4 Ra3 56. Rc4 Rh3 57. Ra4 Rh4 58. Ra7 f6 59. Kf3 Rh3+ $1 60. Kg2 Rd3 61. Ra4 Re3 62. Kf2 Re4 63. Ra8 Rb4 64. Kf3 Rb3+ $1 65. Kf2 Kg4 66. Rg8+ Kf4 67. Ra8 Rb2+ 68. Kf1 Kg4 69. Ra4+ f4 70. Ra3 Rh2 71. Rb3 f5 72. Ra3 Rh3 73. Ra5 Rb3 74. Kf2 Rb2+ 75. Kf1 Rd2 76. Rb5 Kf3 77. Rb3+ Ke4 78. Ra3 Rd3 79. Ra5 $2 {[%emt 0:00:40][%mdl 8192] [#] Now White is beyond hope.} (79. Ra2 $17) 79... Kf3 $1 80. Ke1 Rb3 81. Rxf5 Rb1+ 82. Kd2 Rf1 83. Rf8 {[%emt 0:00:54] [#]} Kg2 $1 {[%emt 0:00:10] ( -> ...f3)} 84. Rf7 {[%emt 0:00:38] Weighted Error Value: White=0.15 (very precise) /Black=0.09 (flawless)} 0-1

[Event "3rd elllobregat Open 2022"]
[Site "Baix Llobregat"]
[Date "2022.11.30"]
[Round "1.4"]
[White "Giannoulakis, Lampros"]
[Black "Aryan Chopra"]
[Result "0-1"]
[ECO "E93"]
[WhiteElo "2338"]
[BlackElo "2629"]
[Annotator "TA"]
[PlyCount "70"]
[EventDate "2022.11.30"]
[EventType "swiss"]
[EventCountry "ESP"]
[SourceTitle "playchess.com"]
[Source "ChessBase"]
[SourceQuality "1"]
[TimeControl "40/5400+30:1800+30"]

1. d4 Nf6 2. c4 g6 3. Nc3 Bg7 4. e4 d6 5. Nf3 O-O 6. Be2 e5 7. d5 Na6 8. Bg5 h6 9. Bh4 g5 10. Bg3 Nh5 11. Nd2 Nf4 12. O-O Nc5 13. f3 {[%emt 0:25:01] E93: King's Indian: Classical: Petrosian System with 7...Nbd7.} h5 {[%emt 0:06:28] [#]} 14. Bf2 $146 ({Predecessor:} 14. Qc2 a5 15. Bf2 g4 16. fxg4 hxg4 17. a3 a4 18. Qd1 Bh6 19. Bxg4 Qg5 20. h3 Ncd3 {0-1 (38) Prieto,A (1999)-Ziska,H (2553) Reykjavik 2017}) 14... b6 15. Be3 {[%emt 0:09:57] The position is equal.} a5 16. Kh1 Qe7 17. g3 Nxe2 18. Qxe2 f5 {[%emt 0:06:06] Prevents g4.} 19. f4 $2 (19. Bxc5 $11 bxc5 20. exf5 Bxf5 21. Rae1) 19... exf4 $19 20. gxf4 {[%emt 0:06:22] [#]} g4 21. Rae1 Nxe4 {[%emt 0:06:47] Black is more active.} ({And not} 21... fxe4 22. Bxc5 bxc5 23. Ndxe4 $15 (23. Ncxe4 Bf5 $17) (23. Qxe4 Qxe4+ 24. Ndxe4 Bf5 $17)) 22. Bg1 Qf6 (22... Bxc3 $19 23. bxc3 Qh7 24. Nxe4 fxe4) 23. Ncxe4 (23. Ndxe4 $17 {was necessary.} fxe4 24. Nb5) 23... fxe4 24. b3 Bf5 25. Nxe4 {[%emt 0:01:23] [#]} Qg6 26. Ng5 Bd3 {[%emt 0:03:31] A strong pair of Bishops.} 27. Qe6+ Qxe6 28. Nxe6 Bxf1 29. Rxf1 Rf7 30. a4 (30. h3 $17 {was called for.}) 30... Bf6 31. Kg2 Re7 32. Be3 Kf7 33. f5 Rg8 34. Bf2 Ke8 35. Nf4 $2 (35. Be1) 35... Rg5 {[%emt 0:00:56] Weighted Error Value: White=0.50/Black=0.09 (flawless)} 0-1

[Event "3rd elllobregat Open 2022"]
[Site "Baix Llobregat"]
[Date "2022.11.30"]
[Round "1.5"]
[White "Fedoseev, Vladimir"]
[Black "Adarsh Tripathi"]
[Result "1/2-1/2"]
[ECO "D31"]
[WhiteElo "2688"]
[BlackElo "2361"]
[Annotator "TA"]
[PlyCount "65"]
[EventDate "2022.11.30"]
[EventType "swiss"]
[EventCountry "ESP"]
[SourceTitle "playchess.com"]
[Source "ChessBase"]
[SourceQuality "1"]
[TimeControl "40/5400+30:1800+30"]

1. d4 d5 2. c4 e6 3. Nc3 a6 4. cxd5 exd5 5. Nf3 h6 6. Bf4 {[%emt 0:05:01] D31: Queen's Gambit Declined: Semi-Slav without ...Nf6 (+ Marshall Gambit and Noteboom) and Exchange Variation lines without ...Nf6.} Nf6 {[%emt 0:00:00] Against e4} 7. e3 Bd6 8. Be5 c6 9. h3 Bxe5 10. Nxe5 {[%emt 0:01:00] [#]} Bf5 $146 ({Predecessor:} 10... Nbd7 11. Nf3 O-O 12. Bd3 c5 13. dxc5 Nxc5 14. O-O Qb6 15. b3 Be6 16. Rc1 Rac8 {½-½ (43) Nikolov,M (2542)-Haubro,M (2407) Tornelo INT 2021}) 11. g4 Bh7 12. Qb3 Qc7 13. Rc1 {[%emt 0:00:36][%cal Oc3d5] White wants to play Nxd5!} Nbd7 14. f4 (14. Nxd5 {keeps more tension.} Qa5+ 15. Nc3 Nxe5 16. dxe5 Qxe5 17. Qxb7 O-O 18. Bg2) 14... Nxe5 15. fxe5 Ne4 {[%emt 0:00:06] next ...Qe7 is good for Black.} 16. Bg2 Nxc3 17. bxc3 Bd3 {[%emt 0:01:24] Prevents c4. Threatens to win with ...f6.} 18. Qd1 {[%emt 0:00:16] Inhibits f6.} Bc4 {[%emt 0:01:28] Hoping for ...f6.} 19. Bf1 $1 Bxf1 20. Rxf1 O-O 21. Kd2 Qe7 22. c4 dxc4 (22... Qa3 23. Qb3 Qa5+ 24. Ke2 $14) 23. Rxc4 Rad8 $36 {[%emt 0:00:03][%mdl 2048] Black fights for an advantage.} 24. Ke2 $1 Rd5 25. Qc2 {[%emt 0:03:32] Prevents c5.} Re8 26. Rb1 $2 (26. Rc3 $11 {and White stays safe.}) 26... f6 $1 $19 27. Rcb4 fxe5 28. Rxb7 Qe6 29. Qf5 {[%emt 0:12:01] [#]} Qxf5 $1 (29... exd4 30. Rxg7+ Kxg7 31. Rb7+ $11) 30. gxf5 exd4 31. Rg1 Rxe3+ (31... dxe3 {leads to mate.} 32. Rgxg7+ (32. Rbxg7+ Kh8 $11) 32... Kh8 33. Rh7+ Kg8 34. Rbg7+ (34. Rxh6 Rxf5 35. Rg6+ Kf8 $11) 34... Kf8 35. f6 Rd2+ 36. Ke1) 32. Kd1 $2 {[%emt 0:00:10] [#]} (32. Kd2 $17 g5 33. fxg6) 32... Rxf5 $2 ({Black should try} 32... g5 $1 $19 {...Rd3+ is the strong threat.} 33. fxg6 Rb5 34. Rxb5 axb5) 33. Rgxg7+ {[%emt 0:00:06] Weighted Error Value: White=0.21 (precise) /Black=0.13 (very precise)} 1/2-1/2

[Event "3rd elllobregat Open 2022"]
[Site "Baix Llobregat"]
[Date "2022.11.30"]
[Round "1.5"]
[White "Bartel, Mateusz"]
[Black "Hagner, Bennet"]
[Result "1/2-1/2"]
[ECO "D11"]
[WhiteElo "2627"]
[BlackElo "2336"]
[Annotator "TA"]
[PlyCount "59"]
[EventDate "2022.11.30"]
[EventType "swiss"]
[EventCountry "ESP"]
[SourceTitle "playchess.com"]
[Source "ChessBase"]
[SourceQuality "1"]
[TimeControl "40/5400+30:1800+30"]

1. d4 d5 2. c4 c6 3. Nf3 Nf6 4. Nbd2 Bf5 5. Nh4 Bg6 6. Qb3 {[%emt 0:01:10] D11: Slav Defence: 3 Nf3 sidelines and 3...Nf6 4 e3 Bg4.} Qc7 7. Qh3 ({White should try} 7. Nxg6 $14 hxg6 8. g3) 7... Be4 $11 8. Qg3 {[%emt 0:02:30] [#] Inhibits e6. Black has an edge.} Qd7 $146 ({Predecessor:} 8... Qa5 9. Qc3 Qd8 10. e3 e6 11. Be2 Be7 12. O-O O-O 13. g3 Nbd7 14. b3 h6 15. Bb2 a5 {0-1 (65) Manolache,M (2506)-Nastore,P (2249) Alba Iulia 2021}) 9. Nhf3 e6 10. e3 h6 11. Be2 Bf5 12. O-O Qd8 {[%emt 0:07:28] [#] aiming for ...Nh5.} 13. Ne5 Nbd7 14. f4 g6 15. Qe1 h5 16. Ndf3 Ne4 17. Bd2 Nxe5 18. Nxe5 a5 (18... f6 $5 19. Nd3 h4 $11) 19. a3 h4 20. b4 Bd6 (20... f6 $5 21. Nf3 axb4 22. Bxb4 h3 $15) 21. b5 c5 22. Bc3 Bxe5 (22... f6 {seems wilder.} 23. Ng4 Rc8 24. Bxa5 b6) 23. fxe5 dxc4 (23... h3 $5 24. g3 $8 (24. g4 $2 Qg5 $19) 24... dxc4 $11) 24. dxc5 Nxc5 (24... h3 {feels hotter.} 25. g3 Nxc5 26. Bxc4 Ne4) 25. Bxc4 h3 {[%emt 0:01:40] [#] White must now prevent ...hxg2.} 26. g3 O-O (26... Ne4 $5 27. Be2 Nxc3 28. Qxc3 O-O $11) 27. Bd4 (27. Rd1 $11 Qc7 28. Qe2) 27... Qe7 (27... Rc8 $17) 28. Qe2 (28. g4 $11 Qg5 29. Bxc5 Qxg4+ 30. Qg3 Qxg3+ 31. hxg3) 28... Rac8 $15 29. Rf4 $1 Qg5 (29... Ne4 $15) 30. Bxc5 $1 {[%emt 0:16:37] Weighted Error Value: White=0.14 (very precise) /Black=0.15 (very precise)} 1/2-1/2